 Dungeon Crawl Stone Soup version 0.20.1-1-g8b1a95d (webtiles) character file.

3 Charly the Ducker (level 1, 0/11 HPs)
             Began as a Spriggan Abyssal Knight on July 22, 2017.
             Was a Follower of Lugonu.
             Slain by a centaur (9 damage)
             ... on level 5 of the Dungeon.
             The game lasted 00:03:13 (330 turns).

Charly the Ducker (Spriggan Abyssal Knight)          Turns: 330, Time: 00:03:13

Health: 0/11       AC:  2    Str:  8    XL:     1   Next: 41%
Magic:  3/3        EV: 18    Int: 13    God:    Lugonu [*.....]
Gold:   0          SH:  0    Dex: 15    Spells: 0/0 levels left

rFire    . . .     SeeInvis +   a - +1 short sword
rCold    + . .     Gourm    .   (shield restricted)
rNeg     . . .     Faith    .   b - +0 robe
rPois    .         Spirit   .   (helmet restricted)
rElec    .         Reflect  .   (no cloak)
rCorr    .         Harm     .   (gloves unavailable)
MR       .....                  (boots unavailable)
Stlth    ++........             (no amulet)
Regen    0.1/turn               i - ring of protection from cold
MPRegen  0.1/turn               (no ring)

@: very quick
A: unfitting armour, see invisible, herbivore 3, speed 3, slow metabolism 2
a: Depart the Abyss, Renounce Religion


You were on level 5 of the Dungeon.
You worshipped Lugonu.
Lugonu was aware of your devotion.
You were full.

You visited 1 branch of the dungeon, and saw 5 of its levels.
You visited the Abyss 1 time.

Inventory:

Hand Weapons
 a - a +1 short sword (weapon)
Missiles
 j - 15 poisoned needles
Armour
 b - a +0 robe (worn)
 e - a +0 buckler
Jewellery
 i - a ring of protection from cold (left hand)
 m - a +2 amulet of reflection
Scrolls
 g - a scroll of enchant armour {unknown}
 h - a scroll of enchant weapon {unknown}
 l - a scroll of recharging {unknown}
Comestibles
 c - a bread ration


   Skills:
 - Level 2.4 Fighting
 - Level 2.1 Short Blades
 - Level 3.5 Dodging
 + Level 1.6 Stealth
 - Level 1.7 Invocations


You couldn't memorise any spells.
You didn't know any spells.

Dungeon Overview and Level Annotations

Branches:
Dungeon (5/15)
 Temple: D:4-7

Altars:


Innate Abilities, Weirdness & Mutations

You are very small and have problems with some larger weapons.
You are too small for most types of armour.
You have supernaturally acute eyesight. (SInv)
You are a herbivore.
You cover ground extremely quickly.
You need consume almost no food.


Message History

The jelly moves out of view.
There is a stone staircase leading down here.
You climb downwards.
A centaur comes into view.
There is a stone staircase leading up here.
The helpless centaur fails to defend itself.
You puncture the centaur!
The centaur is moderately wounded.
The centaur hits you.
It was a potion of magic.
Magic courses through your body. The centaur closely misses you.
The centaur completely misses you.
As you read the scroll labeled NIAMNI AFFAINE, it crumbles to dust.
It is a scroll of identify.
m - a +2 amulet of reflection The centaur barely misses you.
As you read the scroll labeled AMEP DU IJ RIWITZ, it crumbles to dust.
You feel blessed for a moment.
It was a scroll of remove curse.
The centaur hits you!
Ouch! That really hurt!
You die...

#.# ..#
... #.#
#.# #.#
#.# #@#
#.c.....#
.........
##########


You could see a centaur.

Vanquished Creatures
  A giant cockroach (D:3)
  A frilled lizard (D:3)
  A jackal skeleton (D:3)
  A rat (D:1)
4 creatures vanquished.

Notes
Turn   | Place    | Note
-------+----------+-------------------------------------------
     0 | Abyss:1  | Charly the Spriggan Abyssal Knight began the quest for the Orb.
     0 | Abyss:1  | Reached XP level 1. HP: 11/11 MP: 3/3
     4 | D:1      | Escaped the Abyss
   166 | D:4      | Noticed a howler monkey
   206 | D:3      | Reached skill level 1 in Stealth
   261 | D:4      | Noticed a scorpion
   261 | D:4      | Noticed a worker ant
   268 | D:4      | Noticed a hound
   282 | D:4      | Noticed an orc wizard
   306 | D:4      | Noticed an ogre
   324 | D:4      | Noticed a jelly
   326 | D:5      | Entered Level 5 of the Dungeon
   326 | D:5      | Noticed a centaur
   330 | D:5      | Slain by a centaur

Skill      XL: |  1 |
---------------+----+-----
Stealth        | 1 |  1.6
Fighting       | |  2.4
Short Blades   | |  2.1
Dodging        | |  3.5
Invocations    | |  1.7

Action                   || total
-------------------------++-------
Melee: Short sword       ||    16
  Use: Scroll            ||     2
       Potion            ||     1
 Stab: Sleeping          ||     2
  Eat: Royal jelly       ||     1
Dodge: Dodged            ||    17
